Canadiens vs Capitals

Created - Thursday, February 25, 2016 at 02:04

Goals
1 2 3 T
Canadiens 2 1 1 4
Capitals 1 2 0 3
Shots
1 2 3 T
Canadiens 16 11 7 34
Capitals 16 13 8 37

1st period

1. Canadiens , Alex Goligoski 4 (Radim Vrbata, Joe Thornton) at 9:28 (PP)
2. Capitals , Eric Gelinas 11 (Jakub Kindl, Luke Adam) at 13:11
3. Canadiens , Mathieu Perreault 31 (Ben Lovejoy, Mike Cammalleri) at 13:31

Penalties :
Mike Cammalleri (Mon) for Hooking (Minor) at 4:29, Jakub Kindl (Was) for Tripping (Minor) at 9:14

2nd period

4. Capitals , Mark Arcobello 8 (Erik Condra, Jakub Kindl) at 6:31 (PP)
5. Canadiens , Mathieu Perreault 32 (Ryan Callahan) at 9:58 (PP)
6. Capitals , Eric O'Dell 6 (Mark Cundari, Philip Samuelsson) at 13:44 (PP)

Penalties :
Jaromir Jagr (Mon) for Tripping (Minor) at 5:44, Patrick Eaves (Mon) for Hooking (Minor) at 6:59, Eric O'Dell (Was) for Roughing (Minor) at 9:20, Gregory Campbell (Mon) for Hooking (Minor) at 11:55, Francois Beauchemin (Mon) for Roughing (Minor) at 12:16, Dennis Seidenberg (Mon) for High sticking (Minor) at 15:14

3rd period

7. Canadiens , Jaromir Jagr 8 (Mike Ribeiro) at 18:56

Penalties :
Brett Sutter (Was) for Fighting (Major) at 2:50, Justin Abdelkader (Mon) for Fighting (Major) at 2:50, Mark Cundari (Was) for Roughing (Minor) at 4:20, Maxim Noreau (Was) for Holding (Minor) at 12:12, Dennis Seidenberg (Mon) for Hooking (Minor) at 19:34

Goalie Stats

Pekka Rinne (Mon), 34 saves from 37 shots - (0.919), W, 31-13-7, 60:00 minutes
Marc-Andre Fleury (Was), 30 saves from 34 shots - (0.882), L, 19-29-5, 59:04 minutes

Players Stats for Canadiens

Player Name              G  A  P  +/- PIM S  H  SB GA TA FO     MP     PP MP  PK MP  
------------------------------------------------------------------------------------
Alex Goligoski           1  0  1   0  0   4  0  6  2  4  0/0    27:17   2:26   6:56 
Andrew Campbell          0  0  0   0  0   1  0  2  0  0  0/0     8:12   0:00   2:02 
Ben Lovejoy              0  1  1   1  0   2  4  8  0  0  0/0    23:22   2:24   4:31 
Brian Boyle              0  0  0  -1  0   0  3  1  3  0  2/3    14:53   0:00   7:08 
Dennis Seidenberg        0  0  0   1  4   0  0  1  0  1  0/0    19:06   0:00   1:38 
Francois Beauchemin      0  0  0  -1  2   2  2  0  0  0  0/0    25:33   2:26   3:24 
Gregory Campbell         0  0  0  -1  2   1  3  1  0  0  1/1     9:25   0:00   1:59 
Jaromir Jagr             1  0  1   1  2   3  1  0  1  0  0/3    13:36   0:00   0:00 
Joe Thornton             0  1  1   0  0   3  0  0  4  0  11/14  14:47   3:17   0:00 
Jordie Benn              0  0  0   1  0   0  0  0  0  1  0/0    16:57   2:24   0:24 
Justin Abdelkader        0  0  0   0  5   3  2  0  2  0  0/2    13:12   2:07   0:00 
Mathieu Perreault        2  0  2   1  0   4  5  1  1  0  9/11   15:32   1:33   0:55 
Maxim Lapierre           0  0  0  -1  0   2  2  2  0  0  8/16   13:39   0:00   5:45 
Mike Cammalleri          0  1  1   1  2   2  0  0  4  0  0/0    16:39   1:57   1:41 
Mike Ribeiro             0  1  1   1  0   3  1  0  1  0  6/9    14:23   0:46   0:00 
Patrick Eaves            0  0  0   1  2   0  1  1  1  0  0/1    13:42   0:00   0:00 
Radim Vrbata             0  1  1   0  0   2  0  0  2  0  0/0    14:47   3:17   0:00 
Ryan Callahan            0  1  1   1  0   2  3  0  0  1  0/0    13:49   1:33   0:00 

Players Stats for Capitals

Player Name              G  A  P  +/- PIM S  H  SB GA TA FO     MP     PP MP  PK MP  
------------------------------------------------------------------------------------
Brad Mills               0  0  0   0  0   2  0  0  0  0  0/0    20:39   4:34   0:00 
Brett Sutter             0  0  0   0  5   4  3  0  0  0  0/0    19:42   4:34   0:06 
Chad LaRose              0  0  0  -1  0   1  0  0  0  0  0/0    12:13   4:54   0:00 
Damon Severson           0  0  0   0  0   0  0  2  0  0  0/0     4:24   0:00   0:00 
David Dziurzynski        0  0  0   0  0   1  0  2  1  1  0/2    12:38   0:00   1:51 
Eric Gelinas             1  0  1   0  0   7  0  4  0  1  0/0    28:02   6:16   2:21 
Eric O'Dell              1  0  1   0  2   3  5  0  3  1  5/20   21:38   4:34   0:06 
Erik Condra              0  1  1  -1  0   3  1  0  1  2  1/8    25:01   4:54   2:53 
Greg Miller              0  0  0   0  0   4  0  0  0  0  5/7    10:27   0:00   0:00 
Jakub Kindl              0  2  2   0  2   4  1  3  2  0  0/0    21:16   6:16   0:00 
Kevin Henderson          0  0  0   0  0   2  1  0  0  1  0/0    12:18   0:00   1:51 
Kyle Cumiskey            0  0  0   0  0   0  1  1  0  2  0/0    12:47   0:00   2:21 
Luke Adam                0  1  1   0  0   0  0  1  0  0  2/6    12:00   0:00   0:00 
Mark Arcobello           1  0  1  -1  0   4  4  1  2  1  10/17  25:02   4:54   2:53 
Mark Cundari             0  1  1  -1  2   1  0  0  0  2  0/0    20:25   3:12   1:24 
Maxim Noreau             0  0  0   0  2   0  0  4  1  0  0/0    12:33   0:00   1:05 
Philip Samuelsson        0  1  1  -1  0   1  0  2  0  2  0/0    21:31   3:12   2:29 
Shawn O'Donnell          0  0  0   0  0   0  0  0  0  0  0/0     2:24   0:00   0:00 

3 Stars

1 - Mathieu Perreault (Mon)
2 - Ben Lovejoy (Mon)
3 - Mark Arcobello (Was)

Power Play

Canadiens - 2 on 4 Attempt(s) - 50.00%
Capitals - 2 on 7 Attempt(s) - 28.57%

Penalty Kill

Canadiens - 5 on 7 Attempt(s) - 71.43% - Score 0 goal in Penalty Kill
Capitals - 2 on 4 Attempt(s) - 50.00% - Score 0 goal in Penalty Kill

Team Stat

Canadiens - Hits : 27 - Faceoff Wins : 37 - Blocked Shots : 23 - Penalty Minutes : 19
Capitals - Hits : 16 - Faceoff Wins : 23 - Blocked Shots : 20 - Penalty Minutes : 13

Official

Referees : Unknown
Linesman : Unknown

Game Notes

Andrew Campbell is injured at 7:13 of 2nd period (Left Eye)
Brett Sutter and Justin Abdelkader fight to a draw at 2:50 of 3rd period

Finance

Level 1 -- Attendance: 4775 (79.58%) -- Ticket Income $429,750
Level 2 -- Attendance: 3929 (78.58%) -- Ticket Income $216,095
Level 3 -- Attendance: 1886 (94.30%) -- Ticket Income $56,580
Level 4 -- Attendance: 3765 (94.13%) -- Ticket Income $64,005
Luxury Box -- Attendance: 1000 (100.00%) -- Ticket Income $172,000
Game was played at the Verizon Center.
Total Attendance: 15355 (85.31%)
Total Ticket Income: $938,430
Other Income: $459,831
Total Income: $1,398,261

Canadiens

5 vs 5 Forward 
   Center                   Left Wing                Right Wing               Time % Phy DF OF 
 1 Joe Thornton             Justin Abdelkader        Radim Vrbata             31     1   1  3  
 2 Mathieu Perreault        Mike Cammalleri          Ryan Callahan            31     1   1  3  
 3 Mike Ribeiro             Patrick Eaves            Jaromir Jagr             31     1   1  3  
 4 Maxim Lapierre           Brian Boyle              Gregory Campbell         7      1   3  1  

5 vs 5 Defense 
   Defense                  Defense                                           Time % Phy DF OF 
 1 Alex Goligoski           Francois Beauchemin                               40     1   2  2  
 2 Dennis Seidenberg        Ben Lovejoy                                       34     1   2  2  
 3 Jordie Benn              Andrew Campbell                                   26     1   3  1  
 4 Francois Beauchemin      Dennis Seidenberg                                 0      1   2  2  

PowerPlay Forward 
   Center                   Left Wing                Right Wing               Time % Phy DF OF 
 1 Joe Thornton             Justin Abdelkader        Radim Vrbata             55     1   1  3  
 2 Mathieu Perreault        Mike Cammalleri          Ryan Callahan            45     1   1  3  

PowerPlay Defense
   Defense                  Defense                                           Time % Phy DF OF 
 1 Alex Goligoski           Francois Beauchemin                               60     1   1  3  
 2 Ben Lovejoy              Jordie Benn                                       40     1   2  2  

Penalty Kill 4 Players Forward 
   Center                   Wing                     Time % Phy DF OF 
 1 Maxim Lapierre           Brian Boyle              60     1   3  1  
 2 Gregory Campbell         Mike Cammalleri          40     1   3  1  

Penalty Kill 4 Players Defense
   Defense                  Defense                  Time % Phy DF OF 
 1 Andrew Campbell          Alex Goligoski           60     1   3  1  
 2 Ben Lovejoy              Dennis Seidenberg        40     1   3  1  

Penalty Kill - 3 Players Forward 
   Forward                                           Time % Phy DF OF 
 1 Brian Boyle                                       60     1   3  1  
 2 Maxim Lapierre                                    40     1   3  1  

Penalty Kill - 3 Players Defense
   Defense                  Defense                  Time % Phy DF OF 
 1 Andrew Campbell          Alex Goligoski           60     1   3  1  
 2 Ben Lovejoy              Dennis Seidenberg        40     1   3  1  

4 vs 4 Forward 
   Center                   Wing                     Time % Phy DF OF 
 1 Mike Ribeiro             Justin Abdelkader        60     1   2  2  
 2 Mathieu Perreault        Ryan Callahan            40     1   2  2  

4 vs 4 Defense
   Defense                  Defense                  Time % Phy DF OF 
 1 Alex Goligoski           Dennis Seidenberg        60     1   2  2  
 2 Andrew Campbell          Francois Beauchemin      40     1   2  2  

Last Minutes Offensive
   Center                   Left Wing                Right Wing               Defense                  Defense                  
   Joe Thornton             Justin Abdelkader        Radim Vrbata             Alex Goligoski           Francois Beauchemin      

Last Minutes Defensive
   Center                   Left Wing                Right Wing               Defense                  Defense                  
   Maxim Lapierre           Brian Boyle              Gregory Campbell         Alex Goligoski           Andrew Campbell          

Goaltenders
Starting : Pekka Rinne              
Backup : Curtis McElhinney        

Extra Forwards
Normal : Mike Cammalleri, Mathieu Perreault, Joe Thornton - PP : Mike Cammalleri, Mike Ribeiro - PK : Mike Cammalleri
Extra Defensemen
Normal : Francois Beauchemin, Andrew Campbell, Alex Goligoski - PP : Dennis Seidenberg - PK : Francois Beauchemin, Alex Goligoski
Penalty Shots
Radim Vrbata, Maxim Lapierre, Mike Ribeiro, Joe Thornton, Mike Cammalleri

Capitals

5 vs 5 Forward 
   Center                   Left Wing                Right Wing               Time % Phy DF OF 
 1 Mark Arcobello           Erik Condra              Chad LaRose              35     1   2  2  
 2 Eric O'Dell              Brett Sutter             Brad Mills               30     1   2  2  
 3 Luke Adam                David Dziurzynski        Erik Condra              22     1   2  2  
 4 Greg Miller              Kevin Henderson          Mark Arcobello           13     1   2  2  

5 vs 5 Defense 
   Defense                  Defense                                           Time % Phy DF OF 
 1 Eric Gelinas             Jakub Kindl                                       35     1   2  2  
 2 Philip Samuelsson        Mark Cundari                                      30     1   2  2  
 3 Kyle Cumiskey            Maxim Noreau                                      22     1   2  2  
 4 Damon Severson           Eric Gelinas                                      13     1   2  2  

PowerPlay Forward 
   Center                   Left Wing                Right Wing               Time % Phy DF OF 
 1 Mark Arcobello           Erik Condra              Chad LaRose              60     1   2  2  
 2 Eric O'Dell              Brett Sutter             Brad Mills               40     1   2  2  

PowerPlay Defense
   Defense                  Defense                                           Time % Phy DF OF 
 1 Eric Gelinas             Jakub Kindl                                       60     1   2  2  
 2 Philip Samuelsson        Mark Cundari                                      40     1   2  2  

Penalty Kill 4 Players Forward 
   Center                   Wing                     Time % Phy DF OF 
 1 Erik Condra              Mark Arcobello           60     1   2  2  
 2 Eric O'Dell              Brett Sutter             40     1   2  2  

Penalty Kill 4 Players Defense
   Defense                  Defense                  Time % Phy DF OF 
 1 Eric Gelinas             Kyle Cumiskey            60     1   2  2  
 2 Philip Samuelsson        Mark Cundari             40     1   2  2  

Penalty Kill - 3 Players Forward 
   Forward                                           Time % Phy DF OF 
 1 Erik Condra                                       60     1   2  2  
 2 Mark Arcobello                                    40     1   2  2  

Penalty Kill - 3 Players Defense
   Defense                  Defense                  Time % Phy DF OF 
 1 Eric Gelinas             Jakub Kindl              60     1   2  2  
 2 Philip Samuelsson        Mark Cundari             40     1   2  2  

4 vs 4 Forward 
   Center                   Wing                     Time % Phy DF OF 
 1 Erik Condra              Mark Arcobello           60     1   2  2  
 2 Eric O'Dell              Brett Sutter             40     1   2  2  

4 vs 4 Defense
   Defense                  Defense                  Time % Phy DF OF 
 1 Eric Gelinas             Maxim Noreau             60     1   2  2  
 2 Philip Samuelsson        Mark Cundari             40     1   2  2  

Last Minutes Offensive
   Center                   Left Wing                Right Wing               Defense                  Defense                  
   Mark Arcobello           Erik Condra              Chad LaRose              Eric Gelinas             Jakub Kindl              

Last Minutes Defensive
   Center                   Left Wing                Right Wing               Defense                  Defense                  
   Mark Arcobello           Erik Condra              Chad LaRose              Eric Gelinas             Jakub Kindl              

Goaltenders
Starting : Marc-Andre Fleury        
Backup : Sami Aittokallio         

Extra Forwards
Normal : Shawn O'Donnell, Luke Adam, David Dziurzynski - PP : Shawn O'Donnell, Luke Adam - PK : David Dziurzynski
Extra Defensemen
Normal : Kyle Cumiskey, Maxim Noreau, Eric Gelinas - PP : Kyle Cumiskey - PK : Maxim Noreau, Eric Gelinas
Penalty Shots
Erik Condra, Mark Arcobello, Eric O'Dell, Brett Sutter, Luke Adam

% Time on Ice - Canadiens

Lines # - Real PCT - Wanted PCT - Time Play
Normal Forward
1 - 28% - 31% - 12:44
2 - 27% - 31% - 12:17
3 - 30% - 31% - 13:37
4 - 15% - 7% - 7:03
Normal Defense
1 - 33% - 40% - 15:03
2 - 33% - 34% - 15:05
3 - 32% - 26% - 14:39
4 - 2% - 0% - 0:54
PP Forward
1 - 68% - 55% - 3:17
2 - 32% - 45% - 1:33
PP Defense
1 - 50% - 60% - 2:26
2 - 50% - 40% - 2:24
PK Forward
1 - 80% - 60% - 6:24
2 - 20% - 40% - 1:37
PK Defense
1 - 68% - 60% - 5:29
2 - 32% - 40% - 2:32
PK3 Forward
1 - 100% - 60% - 1:28
2 - 0% - 40% - 0:00
PK3 Defense
1 - 100% - 60% - 1:28
2 - 0% - 40% - 0:00
44 Forward
1 - 0% - 60%
2 - 0% - 40%
44 Defense
1 - 0% - 60%
2 - 0% - 40%
Last Minute Offensive  - 0:00
Last Minute Defensive  - 0:00
Total
Forward - 60:00
Defense - 60:00

% Time on Ice - Capitals

Lines # - Real PCT - Wanted PCT - Time Play
Normal Forward
1 - 16% - 35% - 7:25
2 - 37% - 30% - 16:59
3 - 24% - 22% - 10:47
4 - 23% - 13% - 10:27
Normal Defense
1 - 33% - 35% - 15:01
2 - 35% - 30% - 15:47
3 - 23% - 22% - 10:26
4 - 10% - 13% - 4:24
PP Forward
1 - 52% - 60% - 4:55
2 - 48% - 40% - 4:34
PP Defense
1 - 66% - 60% - 6:17
2 - 34% - 40% - 3:12
PK Forward
1 - 98% - 60% - 4:44
2 - 2% - 40% - 0:06
PK Defense
1 - 49% - 60% - 2:21
2 - 51% - 40% - 2:29
PK3 Forward
1 - 0% - 60%
2 - 0% - 40%
PK3 Defense
1 - 0% - 60%
2 - 0% - 40%
44 Forward
1 - 0% - 60%
2 - 0% - 40%
44 Defense
1 - 0% - 60%
2 - 0% - 40%
Last Minute Offensive  - 0:03
Last Minute Defensive  - 0:00
Total
Forward - 60:00
Defense - 60:00

Play by Play

1st period


0:01 of 1st period - Mark Arcobello wins face-off versus Justin Abdelkader in neutral zone.
0:15 of 1st period - Slapshot by Jakub Kindl.
0:15 of 1st period - Deflect By Mark Arcobello.
0:15 of 1st period - Shot Blocked by Alex Goligoski.
0:15 of 1st period - Puck is out of play.
0:16 of 1st period - Mark Arcobello wins face-off versus Joe Thornton in Canadiens zone.
0:37 of 1st period - Slapshot by Jakub Kindl.
0:37 of 1st period - Stopped by Pekka Rinne without a rebound.
0:38 of 1st period - Mathieu Perreault wins face-off versus Eric O'Dell in Canadiens zone.
0:51 of 1st period - Mathieu Perreault is hit by Eric O'Dell and loses puck.
1:02 of 1st period - Philip Samuelsson is hit by Ryan Callahan and loses puck.
1:47 of 1st period - Icing by Mike Ribeiro.
1:48 of 1st period - Greg Miller wins face-off versus Patrick Eaves in Canadiens zone.
2:23 of 1st period - Snap shot by Alex Goligoski.
2:23 of 1st period - Stopped by Marc-Andre Fleury with a rebound.
2:25 of 1st period - Snap shot by Gregory Campbell.
2:25 of 1st period - Stopped by Marc-Andre Fleury with a rebound.
2:27 of 1st period - Snap shot by Francois Beauchemin.
2:27 of 1st period - Stopped by Marc-Andre Fleury with a rebound.
2:29 of 1st period - Wrist shot by Francois Beauchemin.
2:29 of 1st period - Shot Misses the Net.
2:31 of 1st period - Wrist shot by Gregory Campbell.
2:31 of 1st period - Shot Misses the Net.
2:33 of 1st period - Snap shot by Brian Boyle.
2:33 of 1st period - Deflect By Maxim Lapierre.
2:33 of 1st period - Shot Blocked by Maxim Noreau.
2:33 of 1st period - Puck is out of play.
2:34 of 1st period - Maxim Lapierre wins face-off versus Eric O'Dell in Capitals zone.
2:41 of 1st period - Snap shot by Maxim Lapierre.
2:41 of 1st period - Stopped by Marc-Andre Fleury with a rebound.
3:43 of 1st period - Snap shot by Joe Thornton.
3:43 of 1st period - Shot Blocked by Damon Severson.
3:45 of 1st period - Snap shot by Justin Abdelkader.
3:45 of 1st period - Shot Blocked by Damon Severson.
4:07 of 1st period - Snap shot by Ryan Callahan.
4:07 of 1st period - Stopped by Marc-Andre Fleury without a rebound.
4:08 of 1st period - Mark Arcobello wins face-off versus Mathieu Perreault in Capitals zone.
4:29 of 1st period - Minor Penalty to Mike Cammalleri for Hooking.
4:30 of 1st period - Maxim Lapierre wins face-off versus Eric O'Dell in Canadiens zone.
4:30 of 1st period - Maxim Lapierre is hit by Eric O'Dell.
4:40 of 1st period - Slapshot by Jakub Kindl.
4:40 of 1st period - Shot Blocked by Brian Boyle.
4:42 of 1st period - Snap shot by Brad Mills.
4:42 of 1st period - Stopped by Pekka Rinne with a rebound.
4:44 of 1st period - Wrist shot by Eric Gelinas.
4:44 of 1st period - Shot Blocked by Andrew Campbell.
4:46 of 1st period - Slapshot by Jakub Kindl.
4:46 of 1st period - Deflect By Brett Sutter.
4:46 of 1st period - Shot Blocked by Maxim Lapierre.
4:46 of 1st period - Puck is out of play.
4:47 of 1st period - Brian Boyle wins face-off versus Eric O'Dell in Canadiens zone.
4:59 of 1st period - Alex Goligoski is hit by Brett Sutter and loses puck.
5:57 of 1st period - Mark Arcobello is hit by Maxim Lapierre and loses puck.
6:04 of 1st period - Alex Goligoski is hit by Mark Arcobello and loses puck.
6:25 of 1st period - Slapshot by Eric Gelinas.
6:25 of 1st period - Stopped by Pekka Rinne without a rebound.
6:26 of 1st period - Gregory Campbell wins face-off versus Eric O'Dell in Canadiens zone.
6:26 of 1st period - Gregory Campbell is hit by Eric O'Dell.
6:29 of 1st period - Penalty to Mike Cammalleri is over, Mike Cammalleri is back on ice.
6:52 of 1st period - Snap shot by Mike Ribeiro.
6:52 of 1st period - Shot Misses the Net.
6:54 of 1st period - Slapshot by Ben Lovejoy.
6:54 of 1st period - Deflect By Jaromir Jagr.
6:54 of 1st period - Shot Misses the Net.
6:54 of 1st period - Puck is out of play.
6:55 of 1st period - Joe Thornton wins face-off versus Greg Miller in Capitals zone.
7:43 of 1st period - Wrist shot by Ryan Callahan.
7:43 of 1st period - Shot Blocked by Maxim Noreau.
7:45 of 1st period - Slapshot by Andrew Campbell.
7:45 of 1st period - Deflect By Mike Cammalleri.
7:45 of 1st period - Shot Blocked by Kyle Cumiskey.
7:45 of 1st period - Puck is out of play.
7:46 of 1st period - Eric O'Dell wins face-off versus Mathieu Perreault in Capitals zone.
7:46 of 1st period - Eric O'Dell is hit by Mathieu Perreault.
8:16 of 1st period - Snap shot by Ryan Callahan.
8:16 of 1st period - Shot Misses the Net.
8:46 of 1st period - Slapshot by Mike Ribeiro.
8:46 of 1st period - Stopped by Marc-Andre Fleury with a rebound.
8:48 of 1st period - Slapshot by Alex Goligoski.
8:48 of 1st period - Shot Blocked by Eric Gelinas.
9:14 of 1st period - Minor Penalty to Jakub Kindl for Tripping.
9:15 of 1st period - Joe Thornton wins face-off versus Erik Condra in Capitals zone.
9:26 of 1st period - Slapshot by Radim Vrbata.
9:26 of 1st period - Stopped by Marc-Andre Fleury with a rebound.
9:28 of 1st period - Backhand shot by Alex Goligoski.
9:28 of 1st period - Goal by Alex Goligoski - Canadiens : 1 - Capitals : 0.
9:29 of 1st period - Mike Ribeiro wins face-off versus Eric O'Dell in neutral zone.
9:42 of 1st period - Snap shot by Eric O'Dell.
9:42 of 1st period - Stopped by Pekka Rinne with a rebound.
9:44 of 1st period - Wrist shot by Brett Sutter.
9:44 of 1st period - Stopped by Pekka Rinne with a rebound.
9:46 of 1st period - Wrist shot by Brett Sutter.
9:46 of 1st period - Stopped by Pekka Rinne without a rebound.
9:47 of 1st period - Mike Ribeiro wins face-off versus Eric O'Dell in Canadiens zone.
10:02 of 1st period - Snap shot by Brett Sutter.
10:02 of 1st period - Stopped by Pekka Rinne without a rebound.
10:03 of 1st period - Joe Thornton wins face-off versus Luke Adam in Canadiens zone.
10:28 of 1st period - Slapshot by Jakub Kindl.
10:28 of 1st period - Shot Misses the Net.
10:30 of 1st period - Slapshot by Eric Gelinas.
10:30 of 1st period - Stopped by Pekka Rinne with a rebound.
10:38 of 1st period - Slapshot by Jakub Kindl.
10:38 of 1st period - Shot Blocked by Ben Lovejoy.
10:40 of 1st period - Wrist shot by Erik Condra.
10:40 of 1st period - Shot Misses the Net.
10:50 of 1st period - Slapshot by Jakub Kindl.
10:50 of 1st period - Stopped by Pekka Rinne with a rebound.
11:27 of 1st period - Snap shot by Mathieu Perreault.
11:27 of 1st period - Shot Blocked by Philip Samuelsson.
11:33 of 1st period - Alex Goligoski is hit by Kevin Henderson and loses puck.
11:38 of 1st period - Wrist shot by Mark Arcobello.
11:38 of 1st period - Stopped by Pekka Rinne with a rebound.
11:40 of 1st period - Snap shot by Kevin Henderson.
11:40 of 1st period - Shot Blocked by Alex Goligoski.
11:42 of 1st period - Snap shot by Greg Miller.
11:42 of 1st period - Stopped by Pekka Rinne with a rebound.
11:44 of 1st period - Snap shot by Kevin Henderson.
11:44 of 1st period - Stopped by Pekka Rinne with a rebound.
11:46 of 1st period - Slapshot by Kyle Cumiskey.
11:46 of 1st period - Deflect By Mark Arcobello.
11:46 of 1st period - Shot Misses the Net.
11:46 of 1st period - Puck is out of play.
11:47 of 1st period - Mark Arcobello wins face-off versus Jaromir Jagr in Canadiens zone.
12:34 of 1st period - Brett Sutter is hit by Brian Boyle and loses puck.
13:11 of 1st period - Slapshot by Eric Gelinas.
13:11 of 1st period - Goal by Eric Gelinas - Canadiens : 1 - Capitals : 1.
13:12 of 1st period - Mathieu Perreault wins face-off versus Luke Adam in neutral zone.
13:23 of 1st period - Snap shot by Mathieu Perreault.
13:23 of 1st period - Shot Blocked by Jakub Kindl.
13:25 of 1st period - Wrist shot by Mike Cammalleri.
13:25 of 1st period - Stopped by Marc-Andre Fleury with a rebound.
13:27 of 1st period - Slapshot by Ben Lovejoy.
13:27 of 1st period - Shot Blocked by David Dziurzynski.
13:29 of 1st period - Snap shot by Mathieu Perreault.
13:29 of 1st period - Stopped by Marc-Andre Fleury with a rebound.
13:31 of 1st period - Snap shot by Mathieu Perreault.
13:31 of 1st period - Goal by Mathieu Perreault - Canadiens : 2 - Capitals : 1.
13:32 of 1st period - Eric O'Dell wins face-off versus Justin Abdelkader in neutral zone.
13:35 of 1st period - Snap shot by Eric Gelinas.
13:35 of 1st period - Shot Blocked by Alex Goligoski.
14:22 of 1st period - Icing by Francois Beauchemin.
14:23 of 1st period - Mike Ribeiro wins face-off versus Mark Arcobello in Canadiens zone.
14:32 of 1st period - Snap shot by Jaromir Jagr.
14:32 of 1st period - Stopped by Marc-Andre Fleury with a rebound.
15:12 of 1st period - Wrist shot by Mathieu Perreault.
15:12 of 1st period - Deflect By Ryan Callahan.
15:12 of 1st period - Stopped by Marc-Andre Fleury with a rebound.
15:41 of 1st period - Snap shot by Mike Cammalleri.
15:41 of 1st period - Stopped by Marc-Andre Fleury with a rebound.
16:11 of 1st period - Wrist shot by Eric O'Dell.
16:11 of 1st period - Stopped by Pekka Rinne without a rebound.
16:12 of 1st period - Joe Thornton wins face-off versus Eric O'Dell in Canadiens zone.
16:12 of 1st period - Joe Thornton is hit by Jakub Kindl.
16:28 of 1st period - Snap shot by Eric Gelinas.
16:28 of 1st period - Deflect By Justin Abdelkader.
16:28 of 1st period - Stopped by Pekka Rinne with a rebound.
17:02 of 1st period - Slapshot by Jordie Benn.
17:02 of 1st period - Shot Blocked by Jakub Kindl.
17:12 of 1st period - Dennis Seidenberg is hit by Mark Arcobello.
17:45 of 1st period - Slapshot by Jaromir Jagr.
17:45 of 1st period - Shot Misses the Net.
17:47 of 1st period - Slapshot by Alex Goligoski.
17:47 of 1st period - Shot Blocked by Maxim Noreau.
17:59 of 1st period - Slapshot by Maxim Noreau.
17:59 of 1st period - Deflect By David Dziurzynski.
17:59 of 1st period - Stopped by Pekka Rinne with a rebound.
18:55 of 1st period - Wrist shot by Erik Condra.
18:55 of 1st period - Shot Blocked by Ben Lovejoy.
18:57 of 1st period - Snap shot by Philip Samuelsson.
18:57 of 1st period - Shot Misses the Net.
18:59 of 1st period - Snap shot by Chad LaRose.
18:59 of 1st period - Shot Misses the Net.
19:01 of 1st period - Snap shot by Chad LaRose.
19:01 of 1st period - Shot Misses the Net.
19:03 of 1st period - Slapshot by Mark Arcobello.
19:03 of 1st period - Shot Blocked by Ben Lovejoy.
19:42 of 1st period - Snap shot by Joe Thornton.
19:42 of 1st period - Stopped by Marc-Andre Fleury with a rebound.
19:44 of 1st period - Slapshot by Andrew Campbell.
19:44 of 1st period - Shot Misses the Net.
19:46 of 1st period - Wrist shot by Justin Abdelkader.
19:46 of 1st period - Shot Misses the Net.
19:48 of 1st period - Slapshot by Andrew Campbell.
19:48 of 1st period - Stopped by Marc-Andre Fleury with a rebound.
19:50 of 1st period - Snap shot by Radim Vrbata.
19:50 of 1st period - Deflect By Joe Thornton.
19:50 of 1st period - Shot Misses the Net.
19:50 of 1st period - Puck is out of play.
19:51 of 1st period - Greg Miller wins face-off versus Maxim Lapierre in Capitals zone.
19:51 of 1st period - Greg Miller is hit by Gregory Campbell.
Goals for this period are 2 for Canadiens vs 1 for Capitals.
Shots for this period are 16 for Canadiens vs 16 for Capitals.

2nd period


0:01 of 2nd period - Mike Ribeiro wins face-off versus Mark Arcobello in neutral zone.
1:06 of 2nd period - Slapshot by Joe Thornton.
1:06 of 2nd period - Stopped by Marc-Andre Fleury with a rebound.
1:08 of 2nd period - Slapshot by Radim Vrbata.
1:08 of 2nd period - Shot Misses the Net.
1:16 of 2nd period - Wrist shot by Justin Abdelkader.
1:16 of 2nd period - Shot Misses the Net.
1:18 of 2nd period - Slapshot by Justin Abdelkader.
1:18 of 2nd period - Stopped by Marc-Andre Fleury without a rebound.
1:19 of 2nd period - Mathieu Perreault wins face-off versus Eric O'Dell in Capitals zone.
1:26 of 2nd period - Snap shot by Mark Cundari.
1:26 of 2nd period - Shot Misses the Net.
2:05 of 2nd period - Off-side.
2:06 of 2nd period - Luke Adam wins face-off versus Maxim Lapierre in neutral zone.
2:09 of 2nd period - Snap shot by David Dziurzynski.
2:09 of 2nd period - Shot Blocked by Gregory Campbell.
2:16 of 2nd period - Off-side.
2:17 of 2nd period - Maxim Lapierre wins face-off versus Luke Adam in neutral zone.
2:30 of 2nd period - Slapshot by Maxim Lapierre.
2:30 of 2nd period - Stopped by Marc-Andre Fleury with a rebound.
2:34 of 2nd period - Wrist shot by Alex Goligoski.
2:34 of 2nd period - Stopped by Marc-Andre Fleury without a rebound.
2:35 of 2nd period - Greg Miller wins face-off versus Mike Ribeiro in Capitals zone.
2:56 of 2nd period - Slapshot by Eric Gelinas.
2:56 of 2nd period - Stopped by Pekka Rinne with a rebound.
3:50 of 2nd period - Snap shot by Radim Vrbata.
3:50 of 2nd period - Shot Misses the Net.
3:52 of 2nd period - Slapshot by Alex Goligoski.
3:52 of 2nd period - Shot Misses the Net.
5:17 of 2nd period - Wrist shot by Jordie Benn.
5:17 of 2nd period - Shot Blocked by Luke Adam.
5:19 of 2nd period - Snap shot by Brian Boyle.
5:19 of 2nd period - Shot Misses the Net.
5:44 of 2nd period - Minor Penalty to Jaromir Jagr for Tripping.
5:45 of 2nd period - Maxim Lapierre wins face-off versus Eric O'Dell in Canadiens zone.
5:54 of 2nd period - Maxim Lapierre is hit by Eric O'Dell and loses puck.
6:27 of 2nd period - Backhand shot by Jakub Kindl.
6:27 of 2nd period - Stopped by Pekka Rinne with a rebound.
6:29 of 2nd period - Snap shot by Erik Condra.
6:29 of 2nd period - Shot Blocked by Ben Lovejoy.
6:31 of 2nd period - Wrist shot by Mark Arcobello.
6:31 of 2nd period - Goal by Mark Arcobello - Canadiens : 2 - Capitals : 2.
6:32 of 2nd period - Mike Ribeiro wins face-off versus Eric O'Dell in neutral zone.
6:59 of 2nd period - Minor Penalty to Patrick Eaves for Hooking.
7:00 of 2nd period - Mark Arcobello wins face-off versus Maxim Lapierre in Canadiens zone.
7:05 of 2nd period - Snap shot by Eric Gelinas.
7:05 of 2nd period - Stopped by Pekka Rinne with a rebound.
7:11 of 2nd period - Wrist shot by Jakub Kindl.
7:11 of 2nd period - Shot Misses the Net.
7:13 of 2nd period - Wrist shot by Mark Arcobello.
7:13 of 2nd period - Shot Blocked by Andrew Campbell.
7:13 of 2nd period - Andrew Campbell from Canadiens is injured at 7:13 of 2nd period (Left Eye).
7:14 of 2nd period - Mark Arcobello wins face-off versus Maxim Lapierre in Canadiens zone.
7:17 of 2nd period - Slapshot by Jakub Kindl.
7:17 of 2nd period - Shot Misses the Net.
7:19 of 2nd period - Snap shot by Eric Gelinas.
7:19 of 2nd period - Deflect By Mark Arcobello.
7:19 of 2nd period - Stopped by Pekka Rinne with a rebound.
7:21 of 2nd period - Slapshot by Eric Gelinas.
7:21 of 2nd period - Shot Misses the Net.
7:23 of 2nd period - Snap shot by Jakub Kindl.
7:23 of 2nd period - Shot Misses the Net.
7:45 of 2nd period - Slapshot by Jakub Kindl.
7:45 of 2nd period - Shot Blocked by Maxim Lapierre.
7:47 of 2nd period - Slapshot by Jakub Kindl.
7:47 of 2nd period - Shot Blocked by Alex Goligoski.
7:49 of 2nd period - Wrist shot by Chad LaRose.
7:49 of 2nd period - Stopped by Pekka Rinne with a rebound.
8:26 of 2nd period - Ben Lovejoy is hit by Brett Sutter and loses puck.
8:31 of 2nd period - Snap shot by Mark Cundari.
8:31 of 2nd period - Shot Blocked by Dennis Seidenberg.
8:53 of 2nd period - Snap shot by Erik Condra.
8:53 of 2nd period - Stopped by Pekka Rinne without a rebound.
8:54 of 2nd period - Mark Arcobello wins face-off versus Brian Boyle in Canadiens zone.
8:59 of 2nd period - Penalty to Patrick Eaves is over, Patrick Eaves is back on ice.
9:20 of 2nd period - Minor Penalty to Eric O'Dell for Roughing.
9:21 of 2nd period - Joe Thornton wins face-off versus Erik Condra in Capitals zone.
9:26 of 2nd period - Snap shot by Justin Abdelkader.
9:26 of 2nd period - Deflect By Erik Condra.
9:26 of 2nd period - Stopped by Marc-Andre Fleury without a rebound.
9:27 of 2nd period - Joe Thornton wins face-off versus Erik Condra in Capitals zone.
9:46 of 2nd period - Wrist shot by Justin Abdelkader.
9:46 of 2nd period - Stopped by Marc-Andre Fleury with a rebound.
9:48 of 2nd period - Slapshot by Ben Lovejoy.
9:48 of 2nd period - Stopped by Marc-Andre Fleury with a rebound.
9:50 of 2nd period - Slapshot by Jordie Benn.
9:50 of 2nd period - Shot Misses the Net.
9:52 of 2nd period - Wrist shot by Radim Vrbata.
9:52 of 2nd period - Stopped by Marc-Andre Fleury with a rebound.
9:54 of 2nd period - Snap shot by Joe Thornton.
9:54 of 2nd period - Stopped by Marc-Andre Fleury with a rebound.
9:56 of 2nd period - Wrist shot by Ben Lovejoy.
9:56 of 2nd period - Stopped by Marc-Andre Fleury without a rebound.
9:57 of 2nd period - Mathieu Perreault wins face-off versus Erik Condra in Capitals zone.
9:58 of 2nd period - Snap shot by Ryan Callahan.
9:58 of 2nd period - Deflect By Mathieu Perreault.
9:58 of 2nd period - Goal by Mathieu Perreault - Canadiens : 3 - Capitals : 2.
9:59 of 2nd period - Eric O'Dell wins face-off versus Mike Ribeiro in neutral zone.
9:59 of 2nd period - Eric O'Dell is hit by Ben Lovejoy.
10:03 of 2nd period - Slapshot by Eric Gelinas.
10:03 of 2nd period - Shot Misses the Net.
10:13 of 2nd period - Slapshot by Brett Sutter.
10:13 of 2nd period - Shot Blocked by Patrick Eaves.
10:15 of 2nd period - Slapshot by Brett Sutter.
10:15 of 2nd period - Stopped by Pekka Rinne with a rebound.
10:17 of 2nd period - Snap shot by Eric O'Dell.
10:17 of 2nd period - Shot Blocked by Ben Lovejoy.
10:19 of 2nd period - Wrist shot by Jakub Kindl.
10:19 of 2nd period - Stopped by Pekka Rinne with a rebound.
10:21 of 2nd period - Slapshot by Jakub Kindl.
10:21 of 2nd period - Shot Blocked by Ben Lovejoy.
11:23 of 2nd period - Slapshot by Joe Thornton.
11:23 of 2nd period - Shot Blocked by Maxim Noreau.
11:52 of 2nd period - Snap shot by Erik Condra.
11:52 of 2nd period - Stopped by Pekka Rinne without a rebound.
11:53 of 2nd period - Maxim Lapierre wins face-off versus Luke Adam in Canadiens zone.
11:55 of 2nd period - Minor Penalty to Gregory Campbell for Hooking.
11:56 of 2nd period - Maxim Lapierre wins face-off versus Eric O'Dell in Canadiens zone.
12:16 of 2nd period - Minor Penalty to Francois Beauchemin for Roughing.
12:17 of 2nd period - Brian Boyle wins face-off versus Eric O'Dell in Canadiens zone.
12:33 of 2nd period - Wrist shot by Eric O'Dell.
12:33 of 2nd period - Shot Blocked by Alex Goligoski.
12:35 of 2nd period - Slapshot by Eric Gelinas.
12:35 of 2nd period - Shot Blocked by Ben Lovejoy.
12:59 of 2nd period - Slapshot by Eric Gelinas.
12:59 of 2nd period - Shot Misses the Net.
13:19 of 2nd period - Chad LaRose is hit by Brian Boyle and loses puck.
13:40 of 2nd period - Slapshot by Mark Cundari.
13:40 of 2nd period - Shot Blocked by Ben Lovejoy.
13:42 of 2nd period - Wrist shot by Mark Cundari.
13:42 of 2nd period - Stopped by Pekka Rinne with a rebound.
13:44 of 2nd period - Wrist shot by Eric O'Dell.
13:44 of 2nd period - Goal by Eric O'Dell - Canadiens : 3 - Capitals : 3.
13:45 of 2nd period - Maxim Lapierre wins face-off versus Mark Arcobello in neutral zone.
13:48 of 2nd period - Slapshot by Alex Goligoski.
13:48 of 2nd period - Shot Blocked by Eric Gelinas.
14:04 of 2nd period - Wrist shot by Maxim Lapierre.
14:04 of 2nd period - Shot Blocked by Eric Gelinas.
14:16 of 2nd period - Penalty to Francois Beauchemin is over, Francois Beauchemin is back on ice.
14:53 of 2nd period - Snap shot by Eric O'Dell.
14:53 of 2nd period - Shot Misses the Net.
15:14 of 2nd period - Minor Penalty to Dennis Seidenberg for High sticking.
15:15 of 2nd period - Mark Arcobello wins face-off versus Maxim Lapierre in Canadiens zone.
15:27 of 2nd period - Slapshot by Jakub Kindl.
15:27 of 2nd period - Deflect By Chad LaRose.
15:27 of 2nd period - Shot Blocked by Alex Goligoski.
15:27 of 2nd period - Puck is out of play.
15:28 of 2nd period - Mark Arcobello wins face-off versus Maxim Lapierre in Canadiens zone.
15:31 of 2nd period - Wrist shot by Mark Arcobello.
15:31 of 2nd period - Stopped by Pekka Rinne with a rebound.
15:39 of 2nd period - Erik Condra is hit by Brian Boyle and loses puck.
16:04 of 2nd period - Slapshot by Brett Sutter.
16:04 of 2nd period - Shot Misses the Net.
16:12 of 2nd period - Wrist shot by Eric O'Dell.
16:12 of 2nd period - Shot Misses the Net.
16:47 of 2nd period - Jakub Kindl is hit by Francois Beauchemin and loses puck.
16:58 of 2nd period - Jordie Benn is hit by Mark Arcobello.
17:14 of 2nd period - Penalty to Dennis Seidenberg is over, Dennis Seidenberg is back on ice.
17:22 of 2nd period - Mathieu Perreault is hit by Brett Sutter.
17:26 of 2nd period - Jakub Kindl is hit by Mathieu Perreault and loses puck.
18:06 of 2nd period - Erik Condra is hit by Patrick Eaves and loses puck.
18:44 of 2nd period - Mark Cundari is hit by Justin Abdelkader and loses puck.
19:31 of 2nd period - Eric Gelinas is hit by Ryan Callahan.
Goals for this period are 1 for Canadiens vs 2 for Capitals.
Shots for this period are 11 for Canadiens vs 13 for Capitals.

3rd period


0:01 of 3rd period - Mathieu Perreault wins face-off versus Mark Arcobello in neutral zone.
0:35 of 3rd period - Snap shot by Mathieu Perreault.
0:35 of 3rd period - Stopped by Marc-Andre Fleury without a rebound.
0:36 of 3rd period - Eric O'Dell wins face-off versus Mike Ribeiro in Capitals zone.
1:34 of 3rd period - Snap shot by Erik Condra.
1:34 of 3rd period - Stopped by Pekka Rinne with a rebound.
1:36 of 3rd period - Slapshot by Eric Gelinas.
1:36 of 3rd period - Stopped by Pekka Rinne without a rebound.
1:37 of 3rd period - Luke Adam wins face-off versus Joe Thornton in Canadiens zone.
2:08 of 3rd period - Dennis Seidenberg is hit by Mark Arcobello.
2:35 of 3rd period - Slapshot by Mark Arcobello.
2:35 of 3rd period - Shot Misses the Net.
2:37 of 3rd period - Slapshot by Greg Miller.
2:37 of 3rd period - Stopped by Pekka Rinne with a rebound.
2:39 of 3rd period - Slapshot by Greg Miller.
2:39 of 3rd period - Stopped by Pekka Rinne with a rebound.
2:50 of 3rd period - Brett Sutter and Justin Abdelkader fight to a draw.
2:50 of 3rd period - Penalty to Brett Sutter for Fighting.
2:50 of 3rd period - Penalty to Justin Abdelkader for Fighting.
2:51 of 3rd period - Mathieu Perreault wins face-off versus Eric O'Dell in Canadiens zone.
3:17 of 3rd period - Snap shot by Mike Cammalleri.
3:17 of 3rd period - Shot Blocked by Jakub Kindl.
3:37 of 3rd period - Slapshot by Mark Arcobello.
3:37 of 3rd period - Shot Misses the Net.
3:39 of 3rd period - Slapshot by Eric Gelinas.
3:39 of 3rd period - Shot Misses the Net.
4:20 of 3rd period - Minor Penalty to Mark Cundari for Roughing.
4:21 of 3rd period - Erik Condra wins face-off versus Joe Thornton in Capitals zone.
4:57 of 3rd period - Ben Lovejoy is hit by Erik Condra and loses puck.
5:21 of 3rd period - Philip Samuelsson is hit by Ben Lovejoy and loses puck.
5:26 of 3rd period - Snap shot by Mathieu Perreault.
5:26 of 3rd period - Shot Blocked by Philip Samuelsson.
5:28 of 3rd period - Wrist shot by Francois Beauchemin.
5:28 of 3rd period - Deflect By Maxim Noreau.
5:28 of 3rd period - Stopped by Marc-Andre Fleury without a rebound.
5:29 of 3rd period - Mathieu Perreault wins face-off versus David Dziurzynski in Capitals zone.
6:14 of 3rd period - Erik Condra is hit by Ryan Callahan and loses puck.
6:20 of 3rd period - Penalty to Mark Cundari is over, Mark Cundari is back on ice.
6:37 of 3rd period - Eric Gelinas is hit by Ben Lovejoy and loses puck.
7:33 of 3rd period - Maxim Noreau is hit by Jaromir Jagr and loses puck.
7:51 of 3rd period - Damon Severson is hit by Ben Lovejoy.
8:01 of 3rd period - Wrist shot by Greg Miller.
8:01 of 3rd period - Shot Misses the Net.
8:03 of 3rd period - Slapshot by Greg Miller.
8:03 of 3rd period - Stopped by Pekka Rinne without a rebound.
8:04 of 3rd period - Joe Thornton wins face-off versus Greg Miller in Canadiens zone.
8:25 of 3rd period - Snap shot by Erik Condra.
8:25 of 3rd period - Shot Misses the Net.
8:27 of 3rd period - Snap shot by Philip Samuelsson.
8:27 of 3rd period - Stopped by Pekka Rinne with a rebound.
9:46 of 3rd period - Mark Cundari is hit by Justin Abdelkader and loses puck.
10:13 of 3rd period - Snap shot by Alex Goligoski.
10:13 of 3rd period - Stopped by Marc-Andre Fleury with a rebound.
10:15 of 3rd period - Slapshot by Alex Goligoski.
10:15 of 3rd period - Deflect By Gregory Campbell.
10:15 of 3rd period - Shot Misses the Net.
10:15 of 3rd period - Puck is out of play.
10:16 of 3rd period - Greg Miller wins face-off versus Maxim Lapierre in Capitals zone.
10:23 of 3rd period - Maxim Lapierre is hit by Kyle Cumiskey and loses puck.
10:41 of 3rd period - Mark Arcobello is hit by Gregory Campbell and loses puck.
10:52 of 3rd period - Snap shot by Jaromir Jagr.
10:52 of 3rd period - Stopped by Marc-Andre Fleury without a rebound.
10:53 of 3rd period - Eric O'Dell wins face-off versus Jaromir Jagr in Capitals zone.
11:17 of 3rd period - Dennis Seidenberg is hit by Eric O'Dell and loses puck.
12:01 of 3rd period - Slapshot by Ryan Callahan.
12:01 of 3rd period - Deflect By Eric Gelinas.
12:01 of 3rd period - Shot Misses the Net.
12:01 of 3rd period - Puck is out of play.
12:02 of 3rd period - Joe Thornton wins face-off versus Mark Arcobello in Capitals zone.
12:12 of 3rd period - Minor Penalty to Maxim Noreau for Holding.
12:13 of 3rd period - Joe Thornton wins face-off versus Erik Condra in Capitals zone.
12:25 of 3rd period - Snap shot by Justin Abdelkader.
12:25 of 3rd period - Deflect By Joe Thornton.
12:25 of 3rd period - Shot Blocked by Mark Arcobello.
12:25 of 3rd period - Puck is out of play.
12:26 of 3rd period - Joe Thornton wins face-off versus Erik Condra in Capitals zone.
12:53 of 3rd period - Snap shot by David Dziurzynski.
12:53 of 3rd period - Deflect By Kevin Henderson.
12:53 of 3rd period - Stopped by Pekka Rinne without a rebound.
12:54 of 3rd period - Mathieu Perreault wins face-off versus David Dziurzynski in Canadiens zone.
13:07 of 3rd period - Kyle Cumiskey is hit by Mathieu Perreault and loses puck.
13:44 of 3rd period - Slapshot by Justin Abdelkader.
13:44 of 3rd period - Deflect By Joe Thornton.
13:44 of 3rd period - Shot Misses the Net.
13:44 of 3rd period - Puck is out of play.
13:45 of 3rd period - Joe Thornton wins face-off versus Erik Condra in Capitals zone.
14:12 of 3rd period - Penalty to Maxim Noreau is over, Maxim Noreau is back on ice.
14:34 of 3rd period - Wrist shot by Mike Ribeiro.
14:34 of 3rd period - Shot Misses the Net.
14:44 of 3rd period - Snap shot by Jaromir Jagr.
14:44 of 3rd period - Shot Misses the Net.
14:46 of 3rd period - Wrist shot by Ben Lovejoy.
14:46 of 3rd period - Shot Hit the Post.
14:48 of 3rd period - Wrist shot by Mike Ribeiro.
14:48 of 3rd period - Shot Misses the Net.
15:29 of 3rd period - Erik Condra is hit by Gregory Campbell and loses puck.
15:44 of 3rd period - Mark Arcobello is hit by Mathieu Perreault.
16:04 of 3rd period - Wrist shot by Mike Cammalleri.
16:04 of 3rd period - Shot Blocked by Eric Gelinas.
16:21 of 3rd period - Slapshot by Eric O'Dell.
16:21 of 3rd period - Deflect By Brad Mills.
16:21 of 3rd period - Stopped by Pekka Rinne with a rebound.
16:23 of 3rd period - Wrist shot by Eric O'Dell.
16:23 of 3rd period - Shot Blocked by Mathieu Perreault.
16:33 of 3rd period - Eric O'Dell is hit by Mathieu Perreault.
16:52 of 3rd period - Wrist shot by Eric Gelinas.
16:52 of 3rd period - Shot Misses the Net.
17:08 of 3rd period - Shawn O'Donnell is hit by Francois Beauchemin.
17:27 of 3rd period - Brad Mills is hit by Mike Ribeiro and loses puck.
17:44 of 3rd period - Slapshot by Mike Ribeiro.
17:44 of 3rd period - Stopped by Marc-Andre Fleury without a rebound.
17:45 of 3rd period - Greg Miller wins face-off versus Maxim Lapierre in Capitals zone.
18:06 of 3rd period - Greg Miller is hit by Maxim Lapierre and loses puck.
18:37 of 3rd period - Wrist shot by Jaromir Jagr.
18:37 of 3rd period - Deflect By Mike Ribeiro.
18:37 of 3rd period - Shot Blocked by David Dziurzynski.
18:37 of 3rd period - Puck is out of play.
18:38 of 3rd period - Mark Arcobello wins face-off versus Jaromir Jagr in Capitals zone.
18:46 of 3rd period - Icing by Jaromir Jagr.
18:47 of 3rd period - Mike Ribeiro wins face-off versus Mark Arcobello in Canadiens zone.
18:54 of 3rd period - Snap shot by Mike Ribeiro.
18:54 of 3rd period - Stopped by Marc-Andre Fleury with a rebound.
18:56 of 3rd period - Slapshot by Jaromir Jagr.
18:56 of 3rd period - Goal by Jaromir Jagr - Canadiens : 4 - Capitals : 3.
18:57 of 3rd period - Mathieu Perreault wins face-off versus Eric O'Dell in neutral zone.
19:04 of 3rd period - Capitals, Marc-Andre Fleury is pulled from the net.
19:34 of 3rd period - Minor Penalty to Dennis Seidenberg for Hooking.
19:35 of 3rd period - Maxim Lapierre wins face-off versus Mark Arcobello in Canadiens zone.
Goals for this period are 1 for Canadiens vs 0 for Capitals.
Shots for this period are 7 for Canadiens vs 8 for Capitals.